 Dungeon Crawl Stone Soup version 0.22-a0-803-gd6d8abeff0 (webtiles) character file.

825 Mirvelgyr the Shield-Bearer (level 8, 0/62 HPs)
             Began as a Formicid Fighter on July 22, 2018.
             Succumbed to a killer bee's poison
             ... on level 4 of the Dungeon.
             The game lasted 00:07:09 (3627 turns).

Mirvelgyr the Shield-Bearer (Formicid Fighter)      Turns: 3627, Time: 00:07:09

Health: 0/62       AC:  9    Str: 21    XL:     8   Next: 17%
Magic:  1/8        EV:  9    Int:  8    God:
Gold:   1          SH: 10    Dex: 10    Spells: 7/7 levels left

rFire    . . .     SeeInvis +   a - +0 war axe
rCold    + . .     Gourm    .   c - +0 shield
rNeg     . . .     Faith    .   b - +0 scale mail
rPois    .         Spirit   +   (helmet unavailable)
rElec    .         Reflect  .   u - +1 cloak
rCorr    .         Harm     .   (no gloves)
MR       +....                  (no boots)
Stlth    ..........             m - amulet of guardian spirit
HPRegen  0.20/turn              i - ring of protection from magic
MPRegen  0.11/turn              f - +1 ring of evasion

@: lethally poisoned (0 -> -11)
A: permanent stasis, dig shafts and tunnels, four strong arms, antennae 3, cold
resistance 1, weak 1
a: Dig, Shaft Self


You were on level 4 of the Dungeon.
You were not hungry.

You visited 1 branch of the dungeon, and saw 4 of its levels.

You collected 343 gold pieces.
You spent 342 gold pieces at shops.

Inventory:

Hand Weapons
 a - a +0 war axe (weapon)
Armour
 b - a +0 scale mail (worn)
 c - a +0 shield (worn)
 u - a +1 cloak (worn)
Jewellery
 f - a +1 ring of evasion (right hand)
 i - a ring of protection from magic (left hand)
 j - an uncursed ring of wizardry
 m - an amulet of guardian spirit (around neck)
 s - an uncursed ring of resist corrosion {unknown}
 t - a cursed -3 ring of slaying {unknown}
Scrolls
 k - a scroll of identify
 l - a scroll of remove curse
Potions
 d - a potion of might
 e - a potion of flight
 h - a potion of magic
 q - a potion of invisibility
 r - a potion of brilliance
 v - a potion of agility {unknown}
 w - a potion of resistance
Comestibles
 g - 6 rations
 o - 4 chunks of flesh


   Skills:
 + Level 5.3 Fighting
 * Level 5.7 Axes
 + Level 5.3 Armour
 + Level 5.8 Shields


You had 7 spell levels left.
You didn't know any spells.
Your spell library was empty.

Dungeon Overview and Level Annotations

Branches:
Dungeon (4/15)
 Temple: D:4-7

Altars:
Cheibriados
Vehumet

Shops:
D:4 ![*


Innate Abilities, Weirdness & Mutations

You cannot be hasted, slowed, berserked, paralysed or teleported.
You can dig through walls and to a lower floor.
Your four strong arms can wield two-handed weapons with a shield.
You have a pair of large antennae on your head. (SInv)
Your flesh is cold resistant. (rC+)
You are weak. (Str -2)


Message History

The killer bee is almost dead.
You feel sick. The killer bee completely misses you.
The killer bee barely misses you. The killer bee stings you.
* * * LOW HITPOINT WARNING * * *
You are more poisoned.
The killer bee poisons you!
You slice the killer bee!!
You kill the killer bee!
* * * LOW HITPOINT WARNING * * *
You feel sick.
It was a potion of brilliance.
You feel clever all of a sudden.
* * * LOW HITPOINT WARNING * * *
You feel sick.
It was a potion of cancellation.
Your magical effects are unravelling.
You feel magically purged.
Your magical contamination has completely faded away.
You feel a little less mighty now.
You feel a little less clever now.
You die...

#.# #.#####
#.....#
#.###.#..#
##.###.#..#
#..#...#..#
###'##.###..#
###.'∩+.......#
#@..#'#..##...#
#†##...#.#....#
#.##.#.#......#
#.##.#.####...#
#..#.#........#
##.#.######.#.#
#.#># #.#.####
#.#.# #.#.....
#.#. #.######


There were no monsters in sight!

Vanquished Creatures
  Grinder (D:3)
  A scorpion (D:3)
  5 killer bees (D:4)
  2 hounds (D:4)
  Jessica (D:2)
  A worker ant (D:4)
  Natasha (thrice) (D:3)
  An iguana (D:4)
  A hound skeleton (D:4)
  3 adders (D:2)
  5 gnolls
  3 oozes
  2 worms (D:3)
  2 dart slugs (D:1)
  5 leopard geckos
  4 orcs
  A ball python (D:2)
  4 giant cockroaches
  6 hobgoblins
  3 jackals (D:2)
  2 quokkas
  4 bats
  3 frilled lizards
  4 goblins
  4 kobolds
  6 rats
77 creatures vanquished.

Notes
Turn   | Place    | Note
-------+----------+-------------------------------------------
     0 | D:1      | Mirvelgyr the Formicid Fighter began the quest for the Orb.
     0 | D:1      | Reached XP level 1. HP: 18/18 MP: 1/1
   195 | D:1      | Reached XP level 2. HP: 24/24 MP: 2/2
   860 | D:2      | Gained mutation: You are weak. (Str -2) [potion of mutation]
   860 | D:2      | Gained mutation: Your flesh is cold resistant. (rC+) [potion of mutation]
   894 | D:2      | HP: 1/24 [poisoned by a goblin]
  1206 | D:2      | Reached XP level 3. HP: 22/29 MP: 3/3
  1446 | D:2      | Found a radiant altar of Vehumet.
  1485 | D:2      | Noticed Jessica
  1492 | D:2      | Reached XP level 4. HP: 35/37 MP: 4/4
  1495 | D:2      | Killed Jessica
  1510 | D:2      | Reached XP level 5. HP: 12/42 MP: 5/5
  2133 | D:3      | Noticed Natasha
  2526 | D:3      | Noticed Grinder
  2550 | D:3      | Killed Grinder
  2550 | D:3      | Reached skill level 5 in Shields
  2550 | D:3      | Reached XP level 6. HP: 20/49 MP: 3/6
  2853 | D:3      | Killed Natasha
  2853 | D:3      | Reached XP level 7. HP: 41/55 MP: 5/7
  2921 | D:3      | Noticed Natasha
  2932 | D:3      | Killed Natasha
  2935 | D:3      | Noticed Natasha
  2940 | D:3      | Killed Natasha
  2946 | D:3      | Found a snail-covered altar of Cheibriados.
  3262 | D:4      | Reached skill level 5 in Axes
  3319 | D:4      | Found Uthriepa's Assorted Antiques.
  3324 | D:4      | Bought an emerald potion for 15 gold pieces
  3324 | D:4      | Bought a fizzy amethyst potion for 15 gold pieces
  3324 | D:4      | Bought a scroll labeled XEQIS AL ORECS for 17 gold pieces
  3324 | D:4      | Bought a purple potion for 15 gold pieces
  3431 | D:4      | Reached skill level 5 in Fighting
  3431 | D:4      | Reached skill level 5 in Armour
  3454 | D:4      | Found Gauc's Antique Armour Boutique.
  3544 | D:4      | Found Moemuon's Distillery.
  3547 | D:4      | Bought a potion of resistance for 140 gold pieces
  3547 | D:4      | Bought a potion of heal wounds for 70 gold pieces
  3547 | D:4      | Bought a potion of heal wounds for 70 gold pieces
  3611 | D:4      | HP: 2/56 [killer bee (4)]
  3616 | D:4      | Reached XP level 8. HP: 33/62 MP: 0/8
  3624 | D:4      | HP: 3/62 [killer bee (5)]
  3626 | D:4      | HP: 1/62 [poisoned by a killer bee]
  3627 | D:4      | Succumbed to a killer bee's poison

Vault maps used:
D:1:      elethiomel_arrival_quiet
D:2:      vehumet_crystals, first_ration, uniq_jessica
D:3:      lemuel_doored_altar, uniq_grinder, uniq_natasha
D:4:      serial_shops, shop, shop_coins,
          nicolae_shop_temple_entry_statues_fountains, nicolae_shop_behind_doors

Skill      XL: |  1  2  3  4  5  6  7 |
---------------+----------------------+-----
Shields        | 4 5 |  5.8
Axes           | 3 4 5 |  5.7
Fighting       | 4 5 |  5.3
Armour         | 4 5 |  5.3

Action                   |  1- 3 |  4- 6 |  7- 9 || total
-------------------------+-------+-------+-------++-------
Melee: War axe           |    90 |   107 |    94 ||   291
       Hand axe          |     4 |       |       ||     4
  Use: Scroll            |     2 |     3 |     4 ||     9
       Potion            |     2 |     1 |     7 ||    10
 Stab: Invisible         |       |       |     1 ||     1
  Eat: Ration            |     2 |       |       ||     2
       Chunk             |       |       |     2 ||     2
Armor: Scale mail        |    36 |    36 |    42 ||   114
Dodge: Dodged            |    32 |    31 |    60 ||   123
Block: Shield            |    51 |    64 |    93 ||   208

Table legend:
 A = Spawn XP
 B = Non-spawn XP
 C = Spawn XP percentage of total XP
 D = Spawn monster count
 E = Non-spawn monster count
 F = Spawn count percentage of total count
 G = Total turns spent on level
                    A         B        C        D         E        F      G
               +---------+---------+-------+---------+---------+-------+---------
         Total |       0 |    1179 |   0.0 |       0 |      77 |   0.0 |  3627
               +---------+---------+-------+---------+---------+-------+---------
           D:1 |       0 |      18 |   0.0 |       0 |      10 |   0.0 |   774
           D:2 |       0 |     157 |   0.0 |       0 |      24 |   0.0 |  1401
           D:3 |       0 |     514 |   0.0 |       0 |      28 |   0.0 |  1072
           D:4 |       0 |     490 |   0.0 |       0 |      15 |   0.0 |   380
               +---------+---------+-------+---------+---------+-------+---------
